Map: Abiogenesis LE

Players

Mitza - Winner!

  • Race: Zerg Zerg
  • League: Platinum
  • Spawn Location: 11:00

axu

  • Race: Protoss Protoss
  • League: Platinum
  • Spawn Location: 5:00

VOD

Have the link to the VOD?

Description

Time

  • Played on: March 7, 2018, 3:20 a.m.
  • Length: 9:48
Show
View Real Time Build Order
Export as new Build Order

Mitza Zerg - Winner!

Build Orders: Hatch First 

Get SALT Encoding   

  12  0:01  Drone  
  13  0:12  Overlord  
  13  0:17  Drone  
  14  0:31  Drone  
  14  0:32  Drone  
  14  0:34  Drone  
  17  0:55  Hatchery  
  16  0:58  Drone  
  16  1:01  Drone  
  18  1:15  Spawning Pool  
  18  1:16  Extractor  
  16  1:20  Drone  
  16  1:24  Drone  
  18  1:28  Drone  
  19  1:39  Overlord  
  19  2:01  Zergling x4  
  19  2:02  Queen  
  23  2:09  Zergling x2  
  23  2:11  Queen  
  26  2:18  Drone  
  26  2:19  Drone  
  26  2:22  Metabolic Boost  
  28  2:48  Hatchery  
  28  2:49  Drone x3  
  28  2:50  Drone  
  31  2:54  Drone  
  30  3:23  Drone x5  
  30  3:25  Overlord x3  
  35  3:38  Overlord x2  
  35  3:42  Queen  
  36  3:56  Drone  
  36  3:57  Drone x4  
  41  4:04  Roach Warren  
  41  4:05  Extractor  
  41  4:06  Drone x5  
  41  4:07  Drone  
  41  4:08  Extractor  
  41  4:09  Drone  
  45  4:11  Drone  
  46  4:18  Extractor  
  46  4:20  Queen  
  47  4:32  Drone x4  
  47  4:34  Drone x3  
  54  4:52  Lair  
  54  4:54  Pneumatized Carapace  
  54  4:55  Roach x4  
  54  4:56  Roach  
  54  4:58  Drone  
  54  4:59  Drone  
  66  5:02  Drone x2  
  62  5:22  Drone x4  
  62  5:24  Drone x4  
  62  5:25  Drone  
  69  5:32  Spore Crawler  
  68  5:36  Drone  
  68  5:37  Drone x2  
  68  5:42  Roach x4  
  81  5:43  Roach  
  81  5:45  Spore Crawler  
  81  5:47  Spore Crawler  
  79  5:52  Roach  
  81  6:03  Drone  
  81  6:04  Overlord x4  
  82  6:11  Overseer  
  82  6:23  Roach x9  
  100  6:26  Roach  
  100  6:28  Glial Reconstitution  
  102  6:47  Roach x5  
  102  6:48  Roach  
  102  6:49  Overlord x3  
  114  6:58  Overlord x3  
  114  7:10  Roach x6, Drone  
  128  7:15  Ravager  
  128  7:16  Ravager x4  
  128  7:19  Roach x3  
  138  7:25  Roach x2  
  138  7:26  Roach  
  144  7:30  Roach x2  
  144  7:31  Roach  
  150  7:47  Overlord, Roach x5  
  160  8:01  Overlord x4  
  160  8:30  Overlord x3, Roach x5  
  144  8:49  Roach x4  
  144  8:50  Roach  
  144  9:07  Roach x3  
  144  9:08  Roach x4  
Show
View Real Time Build Order
Export as new Build Order

axu Protoss 

Build Orders: 1 Gate Expand, Oracle Opening 

Get SALT Encoding   

  12  0:01  Probe  
  13  0:13  Probe  
  14  0:22  Pylon  
  14  0:25  Probe  
  15  0:34  Assimilator  
  15  0:40  Probe  
  16  0:46  Gateway  
  16  0:53  Probe (Chrono Boost)  
  18  1:05  Probe (Chrono Boost)  
  18  1:13  Probe (Chrono Boost)  
  19  1:29  Probe (Chrono Boost)  
  19  1:32  Nexus  
  20  1:40  Assimilator  
  20  1:42  Pylon  
  20  1:55  Cybernetics Core  
  20  2:08  Probe  
  21  2:21  Probe (Chrono Boost)  
  22  2:29  Warp Gate (Chrono Boost)  
  23  2:30  Probe (Chrono Boost)  
  23  2:34  Adept  
  24  2:44  Probe x2  
  26  2:56  Stargate, Probe x2  
  28  2:58  Twilight Council  
  26  3:18  Adept (Chrono Boost)  
  24  3:26  Pylon  
  24  3:30  Probe  
  24  3:31  Probe  
  26  3:43  Probe  
  27  3:52  Pylon  
  27  3:54  Probe  
  27  3:55  Probe  
  29  3:56  Resonating Glaives (Chrono Boost)  
  29  3:57  Oracle  
  32  4:05  Pylon  
  32  4:06  Probe  
  32  4:07  Probe  
  34  4:13  Adept  
  36  4:18  Probe  
  36  4:19  Probe (Chrono Boost)  
  38  4:28  Gateway  
  38  4:29  Gateway  
  40  4:31  Probe (Chrono Boost)  
  40  4:36  Probe (Chrono Boost)  
  40  4:41  Probe (Chrono Boost)  
  40  4:44  Probe (Chrono Boost)  
  42  4:48  Robotics Facility, Probe  
  42  4:50  Assimilator  
  43  4:53  Assimilator  
  43  4:59  Probe  
  44  5:00  Probe  
  45  5:12  Probe x2  
  44  5:35  Probe x2  
  46  5:36  Immortal (Chrono Boost)  
  46  5:42  Stalker x3  
  56  5:48  Probe x2  
  58  6:00  Probe x2  
  60  6:08  Pylon  
  60  6:12  Pylon  
  60  6:25  Probe x2  
  62  6:26  Immortal  
  62  6:32  Nexus  
  66  6:33  Pylon  
  66  6:36  Stalker x3, Charge (Chrono Boost)  
  72  6:44  Oracle  
  76  6:47  Probe x2  
  77  6:55  Pylon  
  77  6:57  Pylon  
  77  7:02  Forge  
  77  7:04  Forge  
  77  7:05  Pylon  
  77  7:06  Pylon  
  77  7:07  Immortal (Chrono Boost)  
  77  7:08  Pylon  
  77  7:10  Pylon  
  81  7:22  Shield Battery  
  81  7:23  Shield Battery  
  81  7:26  Stalker x2  
  85  7:31  Probe x2  
  87  7:40  Pylon  
  87  7:41  Pylon  
  87  7:44  Gateway  
  87  7:45  Gateway  
  87  7:46  Protoss Ground Weapons Level 1  
  87  7:49  Protoss Ground Armor Level 1  
  86  8:16  Immortal  
  86  8:18  Zealot x3  
  96  8:31  Templar Archives  
  86  8:43  Zealot x3  
  86  8:44  Adept x2  
  82  9:04  Zealot x3  
  62  9:26  Zealot  
  62  9:27  Zealot x3  
  62  9:30  Zealot  
Tags
 
Add a new tag
Caveats
  • Supply blocks, unpowered buildings, or Contaminate may cause inaccurate times.
  • Supply counts are checked every 10 seconds.